 Dungeon Crawl Stone Soup version 0.22-a0-425-g89d60a1 (webtiles) character file.

14417 Borgoz the Nimble (level 12, -10/105 HPs)
             Began as a Ghoul Monk on May 24, 2018.
             Was a Priest of Ashenzari.
             Killed by the air
             ... invoked by Gastronok
              (19 damage)
             ... on level 11 of the Dungeon.
             The game lasted 00:27:48 (13338 turns).

Borgoz the Nimble (Ghoul Monk)                     Turns: 13338, Time: 00:27:49

Health: -10/105    AC:  6    Str: 16    XL:     12   Next: 16%
Magic:  0/11       EV: 19    Int:  5    God:    Ashenzari [***...]
Gold:   699        SH:  0    Dex: 15    Spells: 11/11 levels left

rFire    . . .     SeeInvis +     - Unarmed
rCold    + + .     Gourm    .   (no shield)
rNeg     + + +     Faith    .   d - +1 leather armour {rC+}
rPois    ∞         Spirit   +   t - +1 hat
rElec    .         Reflect  .   k - scarf {Spirit}
rCorr    .         Harm     .   (no gloves)
MR       .....                  (no boots)
Stlth    ++........             o - amulet of regeneration (curse)
HPRegen  0.00/turn              (no ring)
MPRegen  0.12/turn              (no ring)

@: rotting
A: rotting body, claws 1, carnivore, cold resistance 1, negative energy
resistance 3, inhibited regeneration, torment resistance, unbreathing
a: Curse Item, Scrying, Renounce Religion


You were on level 11 of the Dungeon.
You worshipped Ashenzari.
Ashenzari was most pleased with you.
You were not hungry.

You visited 2 branches of the dungeon, and saw 12 of its levels.
You also visited: Bailey.

You collected 699 gold pieces.

Inventory:

Hand Weapons
 r - a +3 hand crossbow of flaming
 w - a +1 spear of flaming
 D - a +2 antimagic hand axe
 F - a +1 whip of distortion
Armour
 d - a +1 leather armour of cold resistance (worn)
 k - a scarf of spirit shield (worn)
 t - a +1 hat (worn)
 x - a +1 plate armour of fire resistance
Jewellery
 c - an uncursed ring of fire
 o - a cursed amulet of regeneration (around neck)
 C - an uncursed ring of fire
Wands
 a - a wand of iceblast (15)
 m - a wand of flame (18)
 u - a wand of paralysis (17)
 z - a wand of polymorph (15)
 A - a wand of random effects (27)
Scrolls
 e - 5 scrolls of teleportation
 g - a scroll of amnesia
 i - a scroll of acquirement
 j - 2 scrolls of remove curse
 n - 5 scrolls of blinking
 y - a scroll of identify
 E - a scroll of torment {unknown}
Potions
 f - 2 potions of curing
 h - 5 potions of haste
 l - 3 potions of heal wounds
 p - 2 potions of brilliance
 q - a potion of resistance
 s - 2 potions of flight
 v - 4 potions of ambrosia
Comestibles
 b - 29 rations
 B - 12 chunks of flesh


   Skills:
 + Level 9.4 Fighting
 * Level 10.2 Armour
 * Level 10.7 Dodging
 - Level 2.1 Stealth
 + Level 9.3 Unarmed Combat


You had 11 spell levels left.
You didn't know any spells.
Your spell library contained the following spells:

 Spells                   Type           Power        Failure   Level  Hunger
 Magic Dart               Conj           #...         52%         1    ##.....
 Conjure Flame            Conj/Fire      #.......     88%         3    ####...
 Slow                     Hex            #.......     67%         2    ###....
 Mephitic Cloud           Conj/Pois/Air  #.......     88%         3    ####...
 Blink                    Tloc           N/A          67%         2    ###....
 Call Imp                 Summ           #.......     67%         2    ###....


Dungeon Overview and Level Annotations

Branches:
Dungeon (11/15)            Temple (1/1) D:4            Lair (0/6) D:8
    Orc (0/2) D:11

Altars:
Ashenzari
Cheibriados
Dithmenos
Elyvilon
Fedhas
Gozag
Hepliaklqana
Kikubaaqudgha
Makhleb
Nemelex Xobeh
Okawaru
Qazlal
Ru
Sif Muna
Trog
Uskayaw
Vehumet
Wu Jian
Xom
Yredelemnul
Zin
The Shining One

Annotations:
D:11 Gastronok


Innate Abilities, Weirdness & Mutations

Your body is rotting away.
You thrive on raw meat.
You are immune to poison.
You have sharp fingernails.
You are carnivorous and can eat meat at any time.
Your flesh is cold resistant. (rC+)
You are immune to negative energy. (rN+++)
You do not regenerate when monsters are visible.
You are immune to unholy pain and torment.
You can survive without breathing.


Message History

The bat misses you. The quokka completely misses you.
You scratch Gastronok.
Gastronok is severely wounded.
The bat misses you. The quokka closely misses you.
You claw Gastronok!
Gastronok is severely wounded.
The bat closely misses you. The quokka completely misses you.
Gastronok bites you!!
You completely miss Gastronok.
Gastronok is severely wounded.
The bat hits you but does no damage. The quokka barely misses you.
You claw Gastronok!
Gastronok is severely wounded.
The bat barely misses you. The quokka completely misses you.
Gastronok bites you!!!
* * * LOW HITPOINT WARNING * * *
The bat misses you. The quokka misses you.
Gastronok waves his eye-stalks in wide circles.
The air twists around and strikes you!
You die...

##.................
................. ,,*
*#............## * *
#.............##
#..........r#..#
*##.......r#w##.######
*#.........[<.b......#
*#######.....r.)......# *
*,, #......@........ * >,
#......[)....... ...
#...............
##'###............... *,
#8.8##...............*
*,####..###..............
**#.....####............
##.....####..........#*
###).......###..#.####..


You could see Gastronok, 2 river rats, a quokka and a bat.

Vanquished Creatures
  The ghost of Nib the Cleaver, a journeyman HOFi of Okawaru (D:11)
  2 two-headed ogres (D:9)
  An orc high priest (Bailey)
  An unseen horror (D:10)
  Pikel (D:8)
  An orc sorcerer (Bailey)
  Psyche (D:8)
  A gargoyle (D:7)
  A komodo dragon (D:8)
  The ghost of Totori the Skirmisher, an amateur BaFi (D:4)
  2 hippogriffs
  A spriggan (D:7)
  8 yaks (D:9)
  3 hungry ghosts
  Eustachio (D:6)
  A steam dragon (D:10)
  2 water moccasins
  11 orc warriors
  4 ice beasts
  3 black bears
  An eye of draining (D:9)
  5 ogres
  6 sky beasts
  A phantom (D:8)
  2 centaurs
  7 bullfrogs
  2 scorpions (D:6)
  20 killer bees
  4 electric eels (Bailey)
  3 wights (D:10)
  8 crimson imps
  3 howler monkeys
  A bullfrog zombie (D:6)
  A quasit (D:7)
  6 hounds
  A jelly (D:11)
  A gnoll shaman (D:5)
  7 orc priests
  3 bullfrog skeletons
  6 orc wizards
  3 centaur skeletons
  5 iguanas
  8 worker ants
  2 hound skeletons
  2 worker ant zombies
  12 adders
  15 gnolls
  2 shadow imps
  2 oozes
  A worm (D:2)
  3 dart slugs
  6 leopard geckos
  59 orcs
  5 giant cockroaches
  16 goblins
  11 hobgoblins
  12 jackals
  5 kobolds
  3 quokkas
  A ball python (D:2)
  11 bats
  7 frilled lizards
  A leopard gecko zombie (D:7)
  A quokka skeleton (D:5)
  9 rats
337 creatures vanquished.

Vanquished Creatures (others)
  A slave (D:8)
  A plant (D:8)
2 creatures vanquished.

Grand Total: 339 creatures vanquished

Notes
Turn   | Place    | Note
-------+----------+-------------------------------------------
     0 | D:1      | Borgoz the Ghoul Monk began the quest for the Orb.
     0 | D:1      | Reached XP level 1. HP: 19/19 MP: 0/0
   121 | D:1      | Reached XP level 2. HP: 24/26 MP: 1/1
   227 | D:1      | Reached skill level 1 in Armour
   237 | D:1      | Reached XP level 3. HP: 10/31 MP: 2/2
  1148 | D:2      | Reached XP level 4. HP: 28/40 MP: 3/3
  1491 | D:2      | Found a sacrificial altar of Ru.
  1592 | D:2      | Found a basalt altar of Yredelemnul.
  1657 | D:2      | Found an ancient bone altar of Kikubaaqudgha.
  1659 | D:2      | Found a sparkling altar of Nemelex Xobeh.
  1703 | D:2      | Found an iron altar of Okawaru.
  2003 | D:3      | Reached XP level 5. HP: 46/46 MP: 4/4
  2021 | D:3      | Found a radiant altar of Vehumet.
  2655 | D:3      | Found a white marble altar of Elyvilon.
  2967 | D:4      | Reached XP level 6. HP: 46/52 MP: 5/5
  3046 | D:4      | Noticed Totori's ghost (amateur BaFi)
  3074 | D:4      | Killed Totori's ghost
  3074 | D:4      | Reached XP level 7. HP: 22/60 MP: 2/6
  3153 | D:4      | Found a staircase to the Ecumenical Temple.
  3166 | Temple   | Entered the Ecumenical Temple
  3229 | Temple   | Became a worshipper of Ashenzari the Shackled
  3229 | Temple   | Reached * piety under Ashenzari
  3229 | Temple   | Reached ** piety under Ashenzari
  3532 | D:5      | Entered Level 5 of the Dungeon
  3832 | D:5      | Reached skill level 5 in Dodging
  3924 | D:5      | Found a bloodstained altar of Trog.
  3957 | D:5      | Reached skill level 5 in Unarmed Combat
  4109 | D:5      | Reached skill level 5 in Fighting
  4242 | D:5      | Reached XP level 8. HP: 57/68 MP: 5/7
  4983 | D:5      | Reached skill level 5 in Armour
  5363 | D:6      | Reached XP level 9. HP: 52/75 MP: 4/8
  5997 | D:6      | Found an iron altar of Okawaru.
  6260 | D:6      | Noticed Eustachio
  6274 | D:6      | Killed Eustachio
  7556 | D:7      | Noticed a gargoyle
  7567 | D:7      | Killed a gargoyle
  7567 | D:7      | Reached XP level 10. HP: 34/86 MP: 3/9
  8226 | D:8      | Noticed Pikel
  8603 | D:8      | Found a shadowy altar of Dithmenos.
  8639 | D:8      | Reached *** piety under Ashenzari
  9251 | D:8      | Killed Pikel
  9309 | D:8      | Noticed Psyche
  9321 | D:8      | Killed Psyche
  9487 | D:8      | Found a deep blue altar of Sif Muna.
  9655 | D:8      | Found a staircase to the Lair.
  9949 | D:9      | Noticed a two-headed ogre
  9962 | D:9      | Killed a two-headed ogre
 10117 | D:9      | Found an ornate altar of the Wu Jian Council.
 10117 | D:9      | Found a burning altar of Makhleb.
 10301 | D:9      | Reached XP level 11. HP: 94/94 MP: 10/10
 10511 | D:9      | Noticed a two-headed ogre
 10528 | D:9      | Killed a two-headed ogre
 10733 | D:10     | Entered Level 10 of the Dungeon
 10848 | D:10     | Noticed an unseen horror
 10886 | D:10     | Killed an unseen horror
 10951 | D:10     | Found a flagged portal.
 10962 | Bailey   | Entered a bailey
 11025 | Bailey   | Found an iron altar of Okawaru.
 11025 | Bailey   | Noticed an orc sorcerer
 11025 | Bailey   | Noticed an orc high priest
 11040 | Bailey   | Paralysed by an orc sorcerer for 2 turns
 11050 | Bailey   | Killed an orc sorcerer
 11068 | Bailey   | Noticed a sixfirhy
 11068 | Bailey   | Killed an orc high priest
 11068 | Bailey   | Reached skill level 10 in Dodging
 11209 | Bailey   | Identified a scroll of acquirement
 11502 | Bailey   | HP: 3/97 [electric eel/bolt of electricity (7)]
 11772 | Bailey   | Noticed an orc knight
 11772 | Bailey   | Noticed an orc knight
 12478 | D:10     | Reached skill level 10 in Armour
 12478 | D:10     | Reached XP level 12. HP: 103/104 MP: 11/11
 13130 | D:11     | Noticed Nib's ghost (journeyman HOFi)
 13174 | D:11     | Killed Nib's ghost
 13231 | D:11     | Noticed Gastronok
 13338 | D:11     | Killed from afar by Gastronok

Vault maps used:
D:1:      dpeg_arrival_castle
D:2:      nicolae_overflow_crystal_walls, nicolae_overflow_hidden_temple,
          first_ration, kennysheep_generic_room_15
D:3:      old_standard_altar, lemuel_doored_altar, grunt_ministairs_12
D:4:      minmay_temple_entry_junction
D:5:      lightli_temple_of_fire, corexii_leaking_fountain, st_stairs_7,
          minmay_joined_circles
D:6:      basic_altar, st_stairs_10, minmay_fountain_box, uniq_eustachio
D:7:      solitary_fountain, grunt_ministairs_3, the_bakery,
          minmay_misc_feat_chi, kennysheep_minor_cross
D:8:      lemuel_round_altar, grunt_dithmenos_smoke_and_mirrors,
          david_lair_shrubbed, uniq_pikel, uniq_psyche
D:9:      gammafunk_temple_overflow_elements
D:10:     enter_bailey_2
D:11:     hiddenorc1_lemuel, uniq_gastronok, uniq_fannar, uniq_maurice
Temple:   zaba_magenta_temple
Bailey:   bailey_axe_of_yendor_kennysheep, bailey

Skill      XL: |  1  2  3  4  5  6  7  8  9 10 11 |
---------------+----------------------------------+-----
Dodging        | 3 4 5 6 7 9 10 | 10.7
Armour         | 1 2 3 4 5 7 8 10 | 10.2
Fighting       | 4 5 7 8 9 |  9.4
Unarmed Combat | 4 5 7 8 9 |  9.3
Stealth        | |  2.1

Action                   |  1- 3 |  4- 6 |  7- 9 | 10-12 || total
-------------------------+-------+-------+-------+-------++-------
Melee: Unarmed           |    99 |   245 |   495 |   883 ||  1722
       Punch             |       |     5 |    10 |    34 ||    49
Throw: Throwing net      |       |       |       |     1 ||     1
Evoke: Wand              |       |       |     8 |     6 ||    14
  Use: Scroll            |       |     4 |     3 |    10 ||    17
       Potion            |       |     1 |     3 |     5 ||     9
 Stab: Sleeping          |     2 |     3 |     5 |     2 ||    12
       Distracted        |       |     1 |       |       ||     1
  Eat: Chunk             |    11 |    21 |    39 |    93 ||   164
Armor: Robe              |     4 |       |       |       ||     4
       Leather armour    |     9 |    63 |   102 |   133 ||   307
Dodge: Dodged            |    67 |   174 |   378 |   670 ||  1289

Table legend:
 A = Spawn XP
 B = Non-spawn XP
 C = Spawn XP percentage of total XP
 D = Spawn monster count
 E = Non-spawn monster count
 F = Spawn count percentage of total count
 G = Total turns spent on level
                    A         B        C        D         E        F      G
               +---------+---------+-------+---------+---------+-------+---------
         Total |       0 |   20597 |   0.0 |       0 |     337 |   0.0 | 13338
               +---------+---------+-------+---------+---------+-------+---------
           D:1 |       0 |      70 |   0.0 |       0 |      26 |   0.0 |  1134
           D:2 |       0 |      81 |   0.0 |       0 |      25 |   0.0 |   744
           D:3 |       0 |      53 |   0.0 |       0 |      20 |   0.0 |   885
           D:4 |       0 |     589 |   0.0 |       0 |      20 |   0.0 |   987
           D:5 |       0 |    1294 |   0.0 |       0 |      35 |   0.0 |  1423
           D:6 |       0 |     950 |   0.0 |       0 |      24 |   0.0 |  1299
           D:7 |       0 |    1903 |   0.0 |       0 |      24 |   0.0 |  1904
           D:8 |       0 |    2131 |   0.0 |       0 |      16 |   0.0 |  1064
           D:9 |       0 |    5005 |   0.0 |       0 |      25 |   0.0 |  1194
          D:10 |       0 |    3715 |   0.0 |       0 |      37 |   0.0 |  1427
          D:11 |       0 |    2013 |   0.0 |       0 |      44 |   0.0 |   339
        Bailey |       0 |    2793 |   0.0 |       0 |      41 |   0.0 |   839
               +---------+---------+-------+---------+---------+-------+---------
